 Dungeon Crawl Stone Soup version 0.30.1-4-g462c640d31 (webtiles) character file.

Game seed: 16213819900958954091

3568 Buersti the Cudgeller (level 10, -1/77 HPs)
             Began as a Human Berserker on Aug 18, 2023.
             Was an Elder of Trog.
             Slain by an elephant (7 damage)
             ... on level 10 of the Dungeon.
             The game lasted 00:50:43 (5648 turns).

Buersti the Cudgeller (Human Berserker)             Turns: 5648, Time: 00:50:44

Health: -1/77      AC: 33    Str: 21    XL:     10   Next: 30%
Magic:  10/10      EV:  9    Int:  7    God:    Trog [****..]
Gold:   274        SH:  5    Dex: 14    Spells: 9/9 levels left

rFire   . . .        E - +0 dire flail (protect)
rCold   . . .        (shield currently unavailable)
rNeg    . . .        I - +8 chain mail {ponderous}
rPois   .            k - +2 helmet
rElec   .            g - scarf {harm}
rCorr   +            n - +0 pair of gloves
SInv    .            o - +2 pair of boots
Will    .....        r - amulet of reflection Stlth
                     f - ring of resist corrosion
HPRegen 0.32/turn    (no ring)
MPRegen 0.12/turn

%: harm (+30% outgoing, +20% incoming), reflection
@: under a protective aura, hasted and slowed, slow
A: no striking features
a: Renounce Religion, Berserk, Trog's Hand, Brothers in Arms


You were on level 10 of the Dungeon.
You worshipped Trog.
Trog was greatly pleased with you.
You visited 1 branch of the dungeon, and saw 8 of its levels.

You collected 274 gold pieces.

Inventory:

Hand Weapons
 A - a +0 sling
 E - a +0 dire flail of protection (weapon)
 F - a +0 short sword of speed
 H - a +1 dagger of venom
Missiles
 a - 14 poisoned darts
 e - 5 boomerangs (quivered)
 h - a throwing net
 C - 26 stones
Armour
 c - a +2 scale mail of poison resistance
 d - a +3 chain mail
 g - a scarf of harm (worn)
 k - a +2 helmet (worn)
 n - a +0 pair of gloves (worn)
 o - a +2 pair of boots (worn)
 z - a +4 chain mail
 I - a +8 chain mail of ponderousness (worn)
Jewellery
 f - a ring of resist corrosion (left hand)
 l - a ring of flight
 r - an amulet of reflection (around neck)
 u - a ring of see invisible
Wands
 b - a wand of iceblast (2)
 J - a wand of digging (3)
Scrolls
 i - a scroll of immolation
 w - 3 scrolls of identify
 x - a scroll of torment
 G - a scroll of enchant weapon
Potions
 j - 2 potions of cancellation {unknown}
 m - 3 potions of lignification {unknown}
 p - a potion of berserk rage {unknown}
 q - a potion of resistance {unknown}
 D - 3 potions of attraction {unknown}


   Skills:
 * Level 6.4 Fighting
 * Level 7.1(7.3) Maces & Flails
 - Level 4.4(4.6) Polearms
 - Level 1.7(5.6) Staves
 + Level 5.9 Throwing
 * Level 6.9 Armour
 + Level 3.2 Dodging
 + Level 0.6 Stealth
 - Level 1.9 Shields
 - Level 1.9 Evocations


You had 9 spell levels left.
You didn't know any spells.
Your spell library contained the following spells:

 Spells                   Type           Power      Damage    Failure   Level
 Animate Dead             Necr           0%         N/A       100%        4
 Cause Fear               Hex            0%         N/A       100%        4
 Borgnjor's Vile Clutch   Necr/Erth      0%         N/A       100%        5
 Death Channel            Necr           0%         N/A       100%        6
 Dragon Form              Tmut           0%         N/A       100%        7
 Dragon's Call            Summ           0%         N/A       100%        9


Dungeon Overview and Level Annotations

Branches:
Dungeon (10/15)              Lair (0/5) D:10
 Temple: D:4-7          Orc: D:9-12

Altars:
Sif Muna
Vehumet
Yredelemnul

Annotations:
D:5 Prince Ribbit
D:10 Gastronok


Message History

Things that are here:
a basilisk corpse; a black bear corpse You puncture the elephant!
The elephant is moderately wounded.
You are engulfed in a cloud of scalding steam.
The elephant tramples you but does no damage.
The elephant trunk-slaps you.
Gastronok is engulfed in a cloud of scalding steam.
You block Gastronok's attack.
You hit the elephant but do no damage.
The elephant is moderately wounded.
The howler monkey barely misses you.
You hit the elephant but do no damage.
The elephant is moderately wounded.
The gargoyle is engulfed in a cloud of scalding steam.
The elephant barely misses you. You block the elephant's attack.
The howler monkey hits you but does no damage.
You hit the elephant but do no damage.
The elephant is moderately wounded.
The howler monkey closely misses you.
The elephant tramples you but does no damage.
The elephant trunk-slaps you but does no damage.
Gastronok looks at you and mumbles some strange words.
You feel yourself slow down.
Read: 2 scrolls of immolation
Press: ? - help, Q - select action, (/) - cycle Dir - look around, f - activate
As you read the scroll of immolation, it crumbles to dust.
The creatures around you are filled with an inner flame!
The howler monkey hits you but does no damage.
The gargoyle hurls a stone arrow at you.
The stone arrow hits you!!
* * * LOW HITPOINT WARNING * * *
The elephant tramples you but does no damage.
The elephant barely misses you.
You puncture the elephant!
Flame seeps out of the elephant.
The elephant is moderately wounded.
The howler monkey barely misses you.
The elephant is engulfed in blazing flames.
Flame seeps out of the elephant.
The elephant tramples you.
You die...

#......# ...P..#.5....###
P..P..#..$.....###
.................##
........#.........##
..>.....##.h.......#
.......5.#..........
........w###.........
..P[.P.#9@Y5.........
.......###h........# #.....
#.##.......##
#...###..#..#.....# #
#.......##.#......# ..
#####..........#......# ..
#.##.......[.....#....#
..####.)...............#####
...#...)#......###.###.#


You could see Gastronok (inner flame), an elephant (inner flame), a gargoyle
(inner flame), a howler monkey (inner flame) and 2 crimson imps.

Vanquished Creatures
  A two-headed ogre (D:9)
  Grinder (D:4)
  A wyvern (D:10)
  A basilisk (D:10)
  A steam dragon (D:10)
  Edmund (D:5)
  A hornet zombie (D:5)
  2 orc warriors
  2 ogres
  A centaur (D:5)
  2 phantoms
  3 kobold brigands
  A bullfrog (D:9)
  A scorpion (D:4)
  A water moccasin zombie (D:5)
  7 wights (D:9)
  4 killer bees (D:9)
  3 jellies
  A bullfrog zombie (D:5)
  2 hounds
  Ijyb (D:5)
  3 orc priests
  A scorpion zombie (D:5)
  Jessica (D:1)
  3 iguanas (D:5)
  Terence (D:2)
  3 orc wizards (D:9)
  A killer bee zombie (D:5)
  3 adders
  2 worms
  5 dart slugs
  18 orcs
  A bat (D:2)
  4 endoplasms
  A giant cockroach (D:4)
  7 goblins
  9 hobgoblins
  A jackal (D:4)
  14 kobolds
  2 quokkas
  4 ball pythons
  5 frilled lizards
  3 rats
130 creatures vanquished.

Vanquished Creatures (others)
  A black bear (D:10)
1 creature vanquished.

Grand Total: 131 creatures vanquished

Notes
Turn   | Place    | Note
-------+----------+-------------------------------------------
     0 | D:1      | Buersti the Human Berserker began the quest for the Orb.
     0 | D:1      | Reached XP level 1. HP: 18/18 MP: 1/1
   332 | D:1      | Reached XP level 2. HP: 22/24 MP: 2/2
   658 | D:2      | Noticed Jessica
   678 | D:1      | Killed Jessica
   679 | D:1      | Reached XP level 3. HP: 18/29 MP: 3/3
   907 | D:2      | Reached XP level 4. HP: 37/37 MP: 4/4
   968 | D:2      | Noticed Terence
   995 | D:2      | Killed Terence
   996 | D:2      | Reached skill level 1 in Throwing
  1041 | D:2      | Reached ** piety under Trog
  1414 | D:3      | Reached XP level 5. HP: 42/42 MP: 5/5
  1467 | D:3      | Found a radiant altar of Vehumet.
  1582 | D:3      | Found a faded altar of an unknown god.
  2262 | D:4      | Reached XP level 6. HP: 32/48 MP: 6/6
  2343 | D:4      | Noticed an ogre
  2355 | D:4      | Killed an ogre
  2582 | D:4      | Noticed Grinder
  2602 | D:4      | Killed Grinder
  2603 | D:4      | Reached skill level 1 in Shields
  2603 | D:4      | Reached XP level 7. HP: 44/55 MP: 7/7
  3095 | D:5      | Entered Level 5 of the Dungeon
  3100 | D:5      | Reached *** piety under Trog
  3101 | D:5      | Reached skill level 1 in Evocations
  3169 | D:5      | Noticed Edmund
  3194 | D:5      | Killed Edmund
  3195 | D:5      | Reached XP level 8. HP: 47/61 MP: 8/8
  3357 | D:5      | Reached skill level 1 in Staves
  3390 | D:5      | Reached skill level 1 in Maces & Flails
  3390 | D:5      | Reached skill level 5 in Throwing
  3559 | D:5      | Found a basalt altar of Yredelemnul.
  3570 | D:5      | Reached skill level 2 in Maces & Flails
  3733 | D:5      | Noticed Ijyb
  3751 | D:5      | Killed Ijyb
  3752 | D:5      | Reached skill level 5 in Fighting
  3752 | D:5      | Reached skill level 3 in Maces & Flails
  3752 | D:5      | Reached skill level 5 in Armour
  3752 | D:5      | Reached XP level 9. HP: 64/68 MP: 9/9
  3850 | D:5      | Noticed Prince Ribbit
  4077 | D:6      | Found a shimmering blue altar of Sif Muna.
  4079 | D:6      | You fall into a shaft and drop 3 floors!
  4182 | D:9      | Reached skill level 4 in Maces & Flails
  4453 | D:9      | Noticed a two-headed ogre
  4461 | D:9      | Killed a two-headed ogre
  4462 | D:9      | Reached skill level 5 in Maces & Flails
  4681 | D:9      | Reached **** piety under Trog
  4957 | D:9      | Reached XP level 10. HP: 76/76 MP: 10/10
  4964 | D:9      | Reached skill level 6 in Maces & Flails
  5529 | D:10     | Entered Level 10 of the Dungeon
  5601 | D:10     | Found a staircase to the Lair.
  5601 | D:10     | Noticed an elephant
  5620 | D:10     | Noticed Gastronok
  5634 | D:10     | Reached skill level 7 in Maces & Flails
  5637 | D:10     | Noticed a gargoyle
  5648 | D:10     | Slain by an elephant

Illustrated notes

Levels and vault maps discovered:
D:1:      saegor_arrival_simple_d, layout_basic, grunt_decor_junction
D:2:      layout_rooms, uniq_jessica, uniq_terence
D:3:      layout_rooms, mainiacjoe_overflow_boulevard,
          chequers_ecumenical_altar_grove, corner_web_ring, hex_intersection,
          chequers_serial_rivers_micro_b, glass_columns_c,
          kennysheep_generic_room_3
D:4:      layout_basic, grunt_ministairs_4, hangedman_feature_mirror,
          uniq_grinder
D:5:      layout_basic, nicolae_yredelemnul_corpse_copse,
          kennysheep_slug_shrine, uniq_ijyb, uniq_edmund, uniq_prince_ribbit1
D:6:      layout_basic, amcnicky_altar_gilded, cheibrodos_sewer_entry_drain,
          serial_shops, kennysheep_mini_moat, shop
D:9:      layout_layer_cave, st_stairs_6
D:10:     layout_cave_pools, nemelex_spade_bored_becter, led_xom_imps,
          grunt_gozag_statues, nicolae_qazlal_general_emergency,
          david_lair_generic, minmay_misc_feat_enclosed,
          kennysheep_generic_room_5, uniq_gastronok

Skill      XL: |  1  2  3  4  5  6  7  8  9 10 |
---------------+-------------------------------+-----
Throwing       | 1 2 3 4 5 |  5.9
Polearms       | 4 |  4.4
Fighting       | 4 5 6 |  6.4
Armour         | 3 5 6 |  6.9
Shields        | 1 |  1.9
Evocations     | 1 |  1.9
Staves         | 1 |  1.7
Maces & Flails | 3 5 7 |  7.1
Dodging        | 3 |  3.2
Stealth        | |  0.6

Action                     |  1- 3 |  4- 6 |  7- 9 | 10-12 || total
---------------------------+-------+-------+-------+-------++-------
  Melee: Spear             |    42 |    43 |       |       ||    85
         Quarterstaff      |       |    70 |    43 |       ||   113
         Dire flail        |       |       |   222 |    51 ||   273
  Throw: Boomerang         |    25 |    52 |    81 |    12 ||   170
         Stone             |       |    18 |       |       ||    18
  Evoke: Wand              |       |     8 |     7 |       ||    15
    Use: Scroll            |     1 |     6 |     5 |     1 ||    13
         Potion            |     2 |       |     5 |     1 ||     8
 Armour: Ring mail         |     3 |       |       |       ||     3
         Animal skin       |     1 |       |       |       ||     1
         Scale mail        |     9 |    17 |       |       ||    26
         Skin              |     1 |       |       |       ||     1
         Chain mail        |       |    40 |   190 |    61 ||   291
  Dodge: Dodged            |    21 |    28 |   124 |    34 ||   207
  Block: Other             |       |    21 |    70 |    10 ||   101
         Reflection        |       |     2 |     3 |       ||     5
